[Event "FIDE Grand Swiss 2023"]
[Site "Villa Marina, Douglas, Isle of Man, Isle Of Man"]
[Date "2023.10.26"]
[Round "2.24"]
[White "Tari, Aryan"]
[Black "Harikrishna, Pentala"]
[Result "1-0"]
[TimeControl "40/90 + 30 + 30s/move"]
[WhiteFideId "1510045"]
[BlackFideId "5007003"]
[WhiteElo "2619"]
[BlackElo "2716"]

1. e4 c5 2. Nf3 e6 3. d4 cxd4 4. Nxd4 Nc6 5. Bf4 d6 6. Nxc6 bxc6 7. c4 e5 8. Be3 Nf6 9. Nc3 Be7 10.
Be2 O-O 11. O-O Be6 12. b4 h6 13. a4 Qc7 14. Rc1 Qb7 15. b5 Rac8 16. a5 Nd7 17. a6 Qc7 18. Nd5 Bxd5 19. cxd5 c5 20.
g3 Rce8 21. h4 Nb6 22. Bg4 Rb8 23. Bh3 Nd7 24. Qd3 Bd8 25. Rc2 Re8 26. Qe2 Nf6 27. Bd2 Qe7 28. h5 Bb6 29. Kg2 Qd8 30.
Ra1 Kh8 31. Qf3 Rf8 32. Bf5 Qe8 33. Qd3 Bc7 34. Rb2 Kg8 35. Rh1 Qd8 36. Ra2 Re8 37. Qe2 Qe7 38. Rb2 Qd8 39. Ra2 Qe7 40.
Ra3 Rf8 41. Qc4 Rfe8 42. Rb3 Qd8 43. Qc1 Kf8 44. g4 Ba5 45. Be3 Bb6 46. Rc3 c4 47. Rxc4 Bd4 48. g5 Bxe3 49. Qxe3 hxg5 50.
Qxa7 Rxb5 51. Rc7 Re7 52. Rhc1 Ne8 53. Rxe7 Qxe7 54. Bd7 1-0

[Event "FIDE Grand Swiss 2023"]
[Site "Villa Marina, Douglas, Isle of Man, Isle Of Man"]
[Date "2023.10.26"]
[Round "2.25"]
[White "Vitiugov, Nikita"]
[Black "Gledura, Benjamin"]
[Result "1-0"]
[TimeControl "40/90 + 30 + 30s/move"]
[WhiteFideId "4152956"]
[BlackFideId "712779"]
[WhiteElo "2711"]
[BlackElo "2633"]

1. d4 d5 2. c4 e6 3. Nc3 Nf6 4. cxd5 exd5 5. Bg5 c6 6. e3 h6 7. Bh4 Be7 8. Bd3 O-O 9. Nge2 Ne8 10.
Bg3 Nd6 11. O-O Re8 12. Qc2 Bf8 13. b4 Na6 14. a3 Nc7 15. a4 Bd7 16. Rfb1 a6 17. a5 Qe7 18. Na4 Rad8 19. Nc5 Bc8 20.
Be5 Ne6 21. Ng3 Nxc5 22. Bxd6 Qxd6 23. bxc5 Qe7 24. Bf5 g6 25. Bxc8 Rxc8 26. Rb3 Rc7 27. Rab1 Qd7 28. Nf1 Re7 29.
Nd2 Bg7 30. h3 Qc8 31. R1b2 Re8 32. Nf3 Ree7 33. Qb1 Qd7 34. Ne1 Qc8 35. Nd3 Qd7 36. Rb6 Kh7 37. Nf4 Bf6 38. R2b3 Kg7 39.
Qb2 Qc8 40. Nd3 h5 41. Ne5 h4 42. Ng4 Bg5 43. f4 Bf6 44. Kh1 g5 45. Qb1 gxf4 46. Nxf6 Kxf6 47. Qh7 Rxe3 48. Qxh4+ Kg7 49.
Rxe3 fxe3 50. Rb3 Qe6 51. Qg3+ Kf8 52. Qxc7 1-0

[Event "FIDE Grand Swiss 2023"]
[Site "Villa Marina, Douglas, Isle of Man, Isle Of Man"]
[Date "2023.10.26"]
[Round "2.26"]
[White "Van Foreest, Jorden"]
[Black "Ter-Sahakyan, Samvel"]
[Result "0-1"]
[TimeControl "40/90 + 30 + 30s/move"]
[WhiteFideId "1039784"]
[BlackFideId "13302531"]
[WhiteElo "2707"]
[BlackElo "2618"]

1. d4 d5 2. Nf3 Nf6 3. a3 Bf5 4. c4 dxc4 5. e3 e6 6. Bxc4 Nbd7 7. Nc3 Bd6 8. O-O O-O 9. Re1 Ne4 10.
Ba2 Qe7 11. g3 c5 12. Nh4 Nxc3 13. bxc3 Be4 14. f3 Bc6 15. e4 cxd4 16. cxd4 Nb6 17. d5 Rfd8 18. Kg2 Be5 19. Rb1 exd5 20.
exd5 Nxd5 21. Qe2 Bf6 22. Qf2 Qd7 23. Bb2 Bxh4 24. gxh4 Nf4+ 25. Kh1 Qg4 26. Re3 Rd2 27. Qg3 Qxg3 28.
hxg3 Nd3 0-1

[Event "FIDE Grand Swiss 2023"]
[Site "Villa Marina, Douglas, Isle of Man, Isle Of Man"]
[Date "2023.10.26"]
[Round "2.27"]
[White "Henriquez Villagra, Cristobal"]
[Black "Deac, Bogdan-Daniel"]
[Result "0-1"]
[TimeControl "40/90 + 30 + 30s/move"]
[WhiteFideId "3409350"]
[BlackFideId "1226380"]
[WhiteElo "2630"]
[BlackElo "2701"]

1. Nf3 d5 2. g3 c5 3. Bg2 Nc6 4. O-O Nf6 5. d3 g6 6. c4 Bg7 7. Nc3 dxc4 8. dxc4 Be6 9. Qa4 O-O 10.
Ng5 Bd7 11. Qb5 h6 12. Nge4 Nxe4 13. Bxe4 Na5 14. Qxc5 b6 15. Qd5 Rc8 16. Rd1 Be6 17. Qb5 Qe8 18. Qa6 Rxc4 19. Bd5 Bxd5 20.
Nxd5 e6 21. Ne3 Ra4 22. Qd3 Qc6 23. Qb1 Qb5 24. Qd3 Qc6 25. Qb1 Rc8 26. Bd2 Qb5 27. Bxa5 bxa5 28. Rd2 Rb4 29. a4 Rxa4 30.
Rxa4 Qxa4 31. b3 Qb4 32. Qd1 h5 33. Rd8+ Rxd8 34. Qxd8+ Bf8 35. Qd1 Bc5 36. Ng2 Kf8 37. e3 Ke7 38.
Nf4 Qc3 39. h4 Bb4 40. Kf1 Qb2 41. Nd3 Qc3 42. Ke2 a6 43. Kf3 Bd6 44. Ke2 e5 45. Ne1 a4 46. bxa4 Qc4+ 47. Qd3 Qxa4 48.
e4 Bc5 49. f4 exf4 50. gxf4 Qd4 51. Qxa6 Qxe4+ 52. Kd1 Qxf4 53. Qb7+ Kf6 54. Nf3 Kg7 55. Ng5 Qa4+ 56. Ke2 Qc2+ 57.
Ke1 Qf2+ 58. Kd1 Be3 59. Nf3 Qf1+ 60. Kc2 Qe2+ 61. Kc3 Bc5 0-1

[Event "FIDE Grand Swiss 2023"]
[Site "Villa Marina, Douglas, Isle of Man, Isle Of Man"]
[Date "2023.10.26"]
[Round "2.28"]
[White "Karthikeyan, Murali"]
[Black "Shankland, Sam"]
[Result "0-1"]
[TimeControl "40/90 + 30 + 30s/move"]
[WhiteFideId "5074452"]
[BlackFideId "2004887"]
[WhiteElo "2611"]
[BlackElo "2698"]

1. e4 c6 2. Nf3 d5 3. Nc3 Bg4 4. h3 Bxf3 5. Qxf3 e6 6. Be2 Bc5 7. O-O Ne7 8. Rd1 d4 9. Nb1 Ng6 10.
d3 h5 11. Qg3 h4 12. Qg4 Nd7 13. f4 Nf6 14. Qf3 Qc7 15. Rf1 Nh5 16. Qxh5 Rxh5 17. Bxh5 Nf8 18. Nd2 O-O-O 19. e5 g6 20.
Bg4 Nd7 21. Nf3 Be7 22. Bd2 Nb6 23. Rae1 Nd5 24. a3 Ne3 25. Rxe3 dxe3 26. Bxe3 Qa5 27. Kh1 Qb5 28. Bc1 Qc5 29.
Ne1 a5 30. Bd1 a4 31. c3 Qb5 32. Bc2 g5 33. fxg5 Qxe5 34. d4 Qe2 35. Bd3 Qd1 36. Be3 Rg8 37. g6 Rxg6 38. Bxg6 fxg6 39.
Kg1 Qb1 0-1

[Event "FIDE Grand Swiss 2023"]
[Site "Villa Marina, Douglas, Isle of Man, Isle Of Man"]
[Date "2023.10.26"]
[Round "2.29"]
[White "Artemiev, Vladislav"]
[Black "Mendonca, Leon Luke"]
[Result "1/2-1/2"]
[TimeControl "40/90 + 30 + 30s/move"]
[WhiteFideId "24101605"]
[BlackFideId "35028561"]
[WhiteElo "2697"]
[BlackElo "2622"]

1. c4 c6 2. e4 d5 3. exd5 cxd5 4. d4 Nf6 5. Nc3 Nc6 6. Nf3 Bg4 7. Be3 e6 8. c5 Be7 9. Be2 O-O 10.
O-O Ne4 11. Rc1 Bf6 12. h3 Bxf3 13. Bxf3 Nxc3 14. Rxc3 b6 15. Qd2 Rb8 16. Be2 e5 17. dxe5 d4 18. exf6 dxc3 19. Qxc3 Qxf6 20.
Qxf6 gxf6 21. cxb6 axb6 22. Rc1 Ne7 23. Rc4 Rfd8 24. Rg4+ Kh8 25. Bd4 Rd6 26. Bc3 Nd5 27. Bd2 Rc8 28.
Bf3 f5 29. Ra4 Kg8 30. Bxd5 Rxd5 31. Bc3 b5 32. Ra5 Rdc5 33. Kh2 h6 34. Kg3 Kh7 35. Ra7 Kg6 36. Rb7 Rxc3+ 37. bxc3 Rxc3+ 38. f3 Ra3 39. Rxb5 1/2-1/2

[Event "FIDE Grand Swiss 2023"]
[Site "Villa Marina, Douglas, Isle of Man, Isle Of Man"]
[Date "2023.10.26"]
[Round "2.30"]
[White "Nihal, Sarin"]
[Black "Suleymanli, Aydin"]
[Result "1/2-1/2"]
[TimeControl "40/90 + 30 + 30s/move"]
[WhiteFideId "25092340"]
[BlackFideId "13413937"]
[WhiteElo "2694"]
[BlackElo "2588"]

1. c4 Nf6 2. g3 e6 3. Bg2 d5 4. Nf3 Be7 5. O-O O-O 6. d4 dxc4 7. Ne5 Nc6 8. Bxc6 bxc6 9. Nxc6 Qe8 10.
Nxe7+ Qxe7 11. Be3 Rd8 12. Qc1 e5 13. dxe5 Qxe5 14. Nc3 Ne4 15. Qc2 Nxc3 16. Qxc3 Qxc3 17. bxc3 Bf5 18. f3 h5 19.
Rfd1 a5 20. Bf4 Rab8 21. Rxd8+ Rxd8 22. Kf2 c6 23. Bc7 Rd5 24. Rc1 a4 25. a3 Rd2 26. Ke3 Rc2 27. Rxc2 Bxc2 28. Kd2 Bb3 29. e4 f6 30. f4 Kf7 31. h3 g6 32. f5 gxf5 33. exf5 Ba2 34. Kc2 Bb3+ 35. Kc1 Ba2 36.
g4 hxg4 37. hxg4 Bb3 38. Bd8 Ba2 39. Kb2 Bb3 40. Kc1 Ba2 1/2-1/2

[Event "FIDE Grand Swiss 2023"]
[Site "Villa Marina, Douglas, Isle of Man, Isle Of Man"]
[Date "2023.10.26"]
[Round "2.31"]
[White "Nguyen, Thai Dai Van"]
[Black "Xiong, Jeffery"]
[Result "1/2-1/2"]
[TimeControl "40/90 + 30 + 30s/move"]
[WhiteFideId "358878"]
[BlackFideId "2047640"]
[WhiteElo "2618"]
[BlackElo "2693"]

1. c4 c5 2. Nf3 Nf6 3. Nc3 d5 4. cxd5 Nxd5 5. g3 Nc6 6. Bg2 Nc7 7. a3 g6 8. d3 Bg7 9. Be3 b6 10.
h4 Bb7 11. h5 Nd4 12. h6 Nxf3+ 13. Bxf3 Bxc3+ 14. bxc3 Bxf3 15. exf3 Qd7 16. O-O Rd8 17. d4 c4 18. Qe2 Qc6 19.
Bg5 Nd5 20. Rfe1 O-O 21. Qc2 Rfe8 22. Re4 b5 23. a4 a6 24. Rae1 Qd6 25. axb5 axb5 26. Qb2 Qd7 27. Kg2 Rc8 28.
Ra1 Ra8 29. Ree1 f6 30. Bd2 Qc6 31. Reb1 Rxa1 32. Rxa1 Rb8 33. Ra5 Kf7 34. Qa1 Qe6 35. Ra8 Qc8 36. Rxb8 Qxb8 37. Qa6 g5 38.
Qc6 e6 39. Qd7+ Ne7 40. Bc1 Qe8 41. Qb7 Qc6 42. Qa7 b4 43. cxb4 g4 44. Kg1 gxf3 45. b5 Qe4 46. Ba3 Qe1+ 47.
Kh2 Qxf2+ 48. Kh3 Qg2+ 49. Kg4 f5+ 50. Kf4 Qd2+ 51. Kxf3 Qd3+ 1/2-1/2

[Event "FIDE Grand Swiss 2023"]
[Site "Villa Marina, Douglas, Isle of Man, Isle Of Man"]
[Date "2023.10.26"]
[Round "2.32"]
[White "Akobian, Varuzhan"]
[Black "Grandelius, Nils"]
[Result "0-1"]
[TimeControl "40/90 + 30 + 30s/move"]
[WhiteFideId "13300580"]
[BlackFideId "1710400"]
[WhiteElo "2582"]
[BlackElo "2689"]

1. d4 d5 2. c4 c6 3. cxd5 cxd5 4. Nf3 Nf6 5. Nc3 Nc6 6. Bf4 a6 7. e3 Bg4 8. h3 Bxf3 9. Qxf3 e6 10.
Bd3 Bd6 11. Bg5 Be7 12. O-O O-O 13. Rac1 Rc8 14. Qe2 h6 15. Bh4 Ne4 16. Bxe7 Nxc3 17. Rxc3 Nxe7 18. Rfc1 Qd7 19. Rc5 Rxc5 20.
dxc5 Nc6 21. a3 a5 22. Bb5 Qc7 23. Ba4 Rd8 24. Qd2 d4 25. Rd1 Rd5 26. Bb3 dxe3 27. Qxe3 Re5 28. Qc3 Qe7 29. Rd6 Qf6 30. Ba4 Ne7 31. Rd8+ Kh7 32. Bc2+ g6 33. Rd7 Nc6 34.
Rxb7 Nd4 35. Bd3 Re2 36. Rxf7+ Qxf7 37. Qxd4 e5 38. Qh4 Rxb2 39. c6 Rd2 40. Bc4 Qc7 41. Qf6 Rd6 42. Qf8 Rd8 43.
Qc5 Rd1+ 44. Kh2 h5 45. h4 Rd8 46. Bd5 Re8 47. g3 Kg7 48. Kg2 Re7 49. Be4 Rf7 50. Kf1 Rf6 51. Ke2 Rf7 52.
Bd5 Rf6 53. Qb5 Kh6 54. f3 Rf8 55. Qb7 Qd6 56. Qd7 Qxa3 57. c7 Qb2+ 58. Kf1 Qc1+ 59. Kg2 Qd2+ 60. Kh3 Qd1 61. Kg2 Rxf3 62.
Qc6 Qf1+ 63. Kh2 Qf2+ 64. Kh1 Qe1+ 0-1

[Event "FIDE Grand Swiss 2023"]
[Site "Villa Marina, Douglas, Isle of Man, Isle Of Man"]
[Date "2023.10.26"]
[Round "2.33"]
[White "Abasov, Nijat"]
[Black "Iturrizaga Bonelli, Eduardo"]
[Result "1-0"]
[TimeControl "40/90 + 30 + 30s/move"]
[WhiteFideId "13402960"]
[BlackFideId "3901211"]
[WhiteElo "2679"]
[BlackElo "2615"]

1. d4 Nf6 2. Nf3 c6 3. Bf4 Qb6 4.
b3 d6 5.
Nbd2 Nh5 6. Nc4 Qc7 7. Bd2 f5 8. g3 g6 9. Bg2 Bg7 10. O-O O-O 11. Qc1 Re8 12. Bh6 Bh8 13. Re1 Nd7 14.
e4 fxe4 15. Rxe4 d5 16. Rh4 Bf6 17. Rxh5 gxh5 18. Bf4 Qd8 19. Nce5 Nf8 20. Ng5 Ng6 21. Bf3 Bxe5 22. Bxe5 Rf8 23.
Bxh5 Nxe5 24. dxe5 Bf5 25. g4 Bg6 26. Bxg6 hxg6 27. Qe3 Qb6 28. Qg3 Qd4 29. Rf1 Rf7 30. c3 Qd2 31. Nxf7 Kxf7 32.
f4 Rh8 33. Rf2 Qe1+ 34. Kg2 e6 35. h3 a5 36. Qd3 b5 37. Qd4 Re8 38. a3 Re7 39. b4 a4 40. Qd3 Qc1 41. h4 Kg7 42.
Rf1 Qb2+ 43. Rf2 Qc1 44. Rf1 Qb2+ 45. Kh3 Rf7 46. h5 gxh5 47. gxh5 Rf5 48. Rg1+ Kf8 49. Rg5 Rf7 50. Qg3 Ke8 51.
Rg8+ Kd7 52. Qe3 1-0

[Event "FIDE Grand Swiss 2023"]
[Site "Villa Marina, Douglas, Isle of Man, Isle Of Man"]
[Date "2023.10.26"]
[Round "2.34"]
[White "Mareco, Sandro"]
[Black "Shevchenko, Kirill"]
[Result "1/2-1/2"]
[TimeControl "40/90 + 30 + 30s/move"]
[WhiteFideId "112275"]
[BlackFideId "14129574"]
[WhiteElo "2606"]
[BlackElo "2671"]

1. d4 Nf6 2. Nf3 g6 3. Bg5 Bg7 4. e3 d6 5. Be2 c5 6. O-O O-O 7. c3 Qb6 8. Nbd2 Bf5 9. Nc4 Qc7 10.
h3 Nbd7 11. Re1 h6 12. Bf4 Nb6 13. Nfd2 Nxc4 14. Bxc4 Ne4 15. Bd5 Nf6 16. Bb3 e5 17. Bh2 Rad8 18. e4 Bc8 19. Nf3 c4 20.
Bc2 Rfe8 21. a4 b6 22. Qd2 a6 23. Kh1 Bb7 24. d5 b5 25. Ng1 Re7 26. Ne2 h5 27. Bg3 Ree8 28. Bh4 Rc8 29.
f4 exf4 30. Qxf4 Nd7 31. axb5 axb5 32. Nd4 Be5 33. Qf3 b4 34. Ba4 Rf8 35. Be7 Rfe8 36. Bg5 Rf8 37. Bh6 Rfd8 38. Bg5 Rf8 39.
Bh6 Rfd8 40. Nb5 Qb8 41. Rf1 f6 42. Bf4 Rf8 43. cxb4 Rf7 44. Qg3 Kh7 45. Nd4 Bxf4 46. Rxf4 Ne5 47.
Raf1 Qa7 48. Ne6 Bxd5 49. exd5 Qxa4 50. Rxf6 Rxf6 51. Rxf6 Qd1+ 52. Kh2 Qxd5 53. Qf4 Rg8 54. b5 Qxb5 55.
Ng5+ Kg7 56. Ne6+ Kh7 57. Ng5+ Kg7 58. Rxd6 Nd3 59. Qf6+ Kh6 60. Nf7+ Kh7 61. Rb6 Qd5 62. Kh1 Ne1 63. Ng5+ Kh6 64. Nf7+ Kh7 65. Ng5+ 1/2-1/2

[Event "FIDE Grand Swiss 2023"]
[Site "Villa Marina, Douglas, Isle of Man, Isle Of Man"]
[Date "2023.10.26"]
[Round "2.36"]
[White "Wojtaszek, Radoslaw"]
[Black "Kozak, Adam"]
[Result "1/2-1/2"]
[TimeControl "40/90 + 30 + 30s/move"]
[WhiteFideId "1118358"]
[BlackFideId "753246"]
[WhiteElo "2668"]
[BlackElo "2566"]

1. d4 Nf6 2. c4 e6 3. Nf3 d5 4. g3 Bb4+ 5. Bd2 Be7 6. Bg2 Nbd7 7. O-O O-O 8. c5 Ne4 9. Nc3 c6 10.
Nxe4 dxe4 11. Ne5 f5 12. Nxd7 Qxd7 13. Bf4 b6 14. Qa4 bxc5 15. dxc5 Bxc5 16. Rac1 Bb6 17. Rfd1 Qe8 18. Be5 Bb7 19.
e3 Rd8 20. Rxd8 Qxd8 21. Rd1 Qc8 22. Bf1 Rd8 23. Bc4 Kf7 24. Qb3 Ba6 25. Bxa6 Qxa6 26. Rxd8 Bxd8 27. Qd1 Qd3 28. Qh5+ Kf8 29.
Qxh7 Qd1+ 30. Kg2 Qf3+ 1/2-1/2

[Event "FIDE Grand Swiss 2023"]
[Site "Villa Marina, Douglas, Isle of Man, Isle Of Man"]
[Date "2023.10.26"]
[Round "2.37"]
[White "Volokitin, Andrei"]
[Black "Fier, Alexandr"]
[Result "1-0"]
[TimeControl "40/90 + 30 + 30s/move"]
[WhiteFideId "14107090"]
[BlackFideId "2107139"]
[WhiteElo "2664"]
[BlackElo "2574"]

1. e4 c5 2. Nf3 d6 3. Nc3 Nc6 4. d4 cxd4 5. Nxd4 Nf6 6. Bg5 e6 7. Qd3 Bd7 8. O-O-O a6 9. f4 Be7 10.
Nf3 Qa5 11. Kb1 Rc8 12. Bxf6 gxf6 13. Qe3 Qc5 14. Qe1 b5 15. Bd3 Nb4 16. Rc1 Qb6 17. Nd5 Nxd3 18. Nxb6 Nxe1 19. Rhxe1 Rc5 20.
Nxd7 Kxd7 21. Rcd1 Rg8 22. Re2 h5 23. c3 Rg4 24. g3 Kc7 25. Kc2 Kb6 26. b4 Rc7 27. Kb3 Rg8 28. Rd3 a5 29.
bxa5+ Kxa5 30. f5 Re8 31. Nd4 Bd8 32. Red2 Rc4 33. fxe6 fxe6 34. a4 Rxa4 35. Nc6+ Kb6 36. Nxd8 Rxd8 37.
Rxd6+ Rxd6 38. Rxd6+ Kc7 39. Rxe6 Kd7 40. Rxf6 Rxe4 41. Rf5 h4 42. Rf4 Rxf4 43. gxf4 Ke6 44. Kb4 Kf5 45. Kxb5 Kxf4 46.
c4 1-0

[Event "FIDE Grand Swiss 2023"]
[Site "Villa Marina, Douglas, Isle of Man, Isle Of Man"]
[Date "2023.10.26"]
[Round "2.38"]
[White "Korobov, Anton"]
[Black "Gurel, Ediz"]
[Result "1-0"]
[TimeControl "40/90 + 30 + 30s/move"]
[WhiteFideId "14105730"]
[BlackFideId "44507356"]
[WhiteElo "2658"]
[BlackElo "2514"]

1. d4 d5 2. c4 e6 3. Nf3 Nf6 4. Nc3 c6 5. e3 Be7 6. Bd3 dxc4 7. Bxc4 b5 8. Bd3 b4 9. Ne4 Nbd7 10.
O-O Bb7 11. Nxf6+ Nxf6 12. e4 O-O 13. Qc2 Nd7 14. Rd1 h6 15. Bf4 Rc8 16. Rac1 a5 17. b3 Qb6 18. Nd2 Qxd4 19. Nc4 Qa7 20.
e5 Rfd8 21. Qe2 Ba6 22. Qg4 Bxc4 23. Rxc4 Kf8 24. Bh7 Nb6 25. Rcc1 Rxd1+ 26. Rxd1 Rd8 27. Rxd8+ Bxd8 28. Bxh6 Ke8 29.
Qxg7 Be7 30. Qg8+ Kd7 31. Qxf7 Nd5 32. h4 Qd4 33. Bg5 Qxe5 34. g3 Qa1+ 35. Kg2 Qxa2 36. Bg6 Qe2 37. h5 Kd6 38. Bxe7+ Nxe7 39. Qf8 e5 40. h6 e4 41. Qf4+ 1-0

[Event "FIDE Grand Swiss 2023"]
[Site "Villa Marina, Douglas, Isle of Man, Isle Of Man"]
[Date "2023.10.26"]
[Round "2.39"]
[White "Samunenkov, Ihor"]
[Black "Sindarov, Javokhir"]
[Result "0-1"]
[TimeControl "40/90 + 30 + 30s/move"]
[WhiteFideId "14187086"]
[BlackFideId "14205483"]
[WhiteElo "2531"]
[BlackElo "2658"]

1. d4 Nf6 2. Nf3 g6 3. g3 Bg7 4. Bg2 O-O 5. O-O d6 6. Re1 Nbd7 7. e4 e5 8. a4 c6 9. Nc3 Qc7 10.
a5 Rb8 11. d5 cxd5 12. exd5 a6 13. Nd2 b5 14. axb6 Nxb6 15. Nb3 Nc4 16. Ra2 Rb4 17. Bd2 Qb6 18. Nb1 Nxd2 19. N1xd2 Bh6 20.
Qe2 e4 21. Nc4 Qc7 22. Nba5 Rb5 23. h3 Re8 24. Nb3 Nxd5 25. Rd1 Bb7 26. Nca5 Nb4 27. Nxb7 Rxb7 28. Ra4 Qc6 29. Na5 Qxa4 30.
Nxb7 d5 31. c4 Qc6 32. Na5 Qc7 33. Ra1 e3 34. f4 d4 0-1

[Event "FIDE Grand Swiss 2023"]
[Site "Villa Marina, Douglas, Isle of Man, Isle Of Man"]
[Date "2023.10.26"]
[Round "2.40"]
[White "Vokhidov, Shamsiddin"]
[Black "Ivanchuk, Vasyl"]
[Result "1/2-1/2"]
[TimeControl "40/90 + 30 + 30s/move"]
[WhiteFideId "14204223"]
[BlackFideId "14100010"]
[WhiteElo "2578"]
[BlackElo "2653"]

1. e4 e6 2. d4 d5 3. Nc3 Nf6 4. Bg5 dxe4 5. Nxe4 Nbd7 6. Nf3 h6 7. Nxf6+ Nxf6 8. Bh4 c5 9. c3 cxd4 10.
Nxd4 Be7 11. Bc4 O-O 12. Qe2 Bd7 13. O-O Qb6 14. Rfd1 Rad8 15. a4 a5 16. Bg3 Rfe8 17. Nb5 Bxb5 18.
Bxb5 Rxd1+ 19. Rxd1 Rd8 20. Rxd8+ Qxd8 21. Bf4 Nd5 22. Bd2 Bc5 23. g3 b6 24. Kg2 Nf6 25. b4 Be7 26. Qd3 Nd5 27.
Bc4 Qa8 28. Bxd5 exd5 29. b5 Bc5 30. Qf3 Qd8 31. Be3 d4 32. cxd4 Bxd4 33. Bc1 Qc8 34. Be3 Bxe3 35. Qxe3 Qd8 36.
Qe4 1/2-1/2

[Event "FIDE Grand Swiss 2023"]
[Site "Villa Marina, Douglas, Isle of Man, Isle Of Man"]
[Date "2023.10.26"]
[Round "2.41"]
[White "Bartel, Mateusz"]
[Black "Lazavik, Denis"]
[Result "1/2-1/2"]
[TimeControl "40/90 + 30 + 30s/move"]
[WhiteFideId "1112635"]
[BlackFideId "13515110"]
[WhiteElo "2651"]
[BlackElo "2560"]

1. e4 e5 2. Nf3 Nc6 3. Bb5 Nf6 4. d3 Bc5 5. Nbd2 d6 6. c3 O-O 7. O-O Bb6 8. Nc4 Ne7 9. Nxb6 axb6 10.
Ba4 Ng6 11. Bc2 Re8 12. h3 h6 13. Re1 Be6 14. a3 c5 15. d4 exd4 16. cxd4 d5 17. e5 Ne4 18. Be3 f5 19. Nd2 Qh4 20.
f3 cxd4 21. Bxd4 Nf4 22. fxe4 Nxh3+ 23. gxh3 Qg3+ 24. Kh1 Qxh3+ 25. Kg1 Qg3+ 26. Kh1 Qh3+ 27. Kg1 Qg3+ 28. Kh1 Qh3+ 1/2-1/2

[Event "FIDE Grand Swiss 2023"]
[Site "Villa Marina, Douglas, Isle of Man, Isle Of Man"]
[Date "2023.10.26"]
[Round "2.42"]
[White "Vidit, Santosh Gujrathi"]
[Black "Gupta, Abhijeet"]
[Result "1-0"]
[TimeControl "40/90 + 30 + 30s/move"]
[WhiteFideId "5029465"]
[BlackFideId "5010608"]
[WhiteElo "2716"]
[BlackElo "2609"]

1. Nf3 d5 2. d4 Nf6 3. c4 c6 4. e3 e6 5. Nbd2 Nbd7 6. b3 Bd6 7. Bb2 Ne4 8. Be2 f5 9. Qc1 O-O 10.
O-O Qf6 11. Ba3 Bxa3 12. Qxa3 f4 13. Nxe4 dxe4 14. Nd2 f3 15. gxf3 exf3 16. Bxf3 e5 17. Bg2 Qg6 18. Ne4 Nf6 19.
Qd6 Bh3 20. Ng3 Bxg2 21. Kxg2 exd4 22. exd4 Kh8 23. Rae1 Rad8 24. Qc5 h5 25. h4 Qg4 26. Qg5 Rxd4 27. Re7 Rd7 28. Rfe1 Rf7 29. R7e2 Rd3 30. Re3 Rxe3 31. Rxe3 Rd7 32. Re2 Kh7 33.
f3 Qxg5 34. hxg5 Ng8 35. f4 g6 36. Re6 Ne7 37. Ne4 Kg7 38. Nd6 b6 39. Rf6 c5 40. Kf3 Kg8 41. Nf7 Kg7 42. Ne5 Rc7 43.
Rf7+ Kg8 44. a4 Rb7 45. Kg2 Rc7 46. Rf6 Kg7 47. Kh3 Rb7 48. Kg2 Rc7 49. Rf7+ Kg8 50. Kf3 Rb7 51. f5 gxf5 52.
g6 Rc7 53. Kg3 a5 54. Kh3 Ra7 55. Rf6 Kg7 56. Rxb6 Ng8 57. Kh4 Re7 58. Nd3 Kh6 59. g7+ Kxg7 60. Kxh5 Re3 61. Nxc5 Ne7 62.
Kg5 Re1 63. Ra6 Rg1+ 64. Kf4 Rf1+ 65. Ke3 Re1+ 66. Kf2 Rb1 67. Rxa5 Nc6 68. Rb5 Nd4 69. Rb7+ Kf6 70. Ke3 Rd1 71.
a5 Kg5 72. Rg7+ Kf6 73. Rb7 Kg5 74. a6 f4+ 75. Ke4 Nf5 76. a7 Nd6+ 77. Kf3 Nxb7 78. a8=Q Nxc5 79. Qg8+ Kh5 80. Qh7+ 1-0

[Event "FIDE Grand Swiss 2023"]
[Site "Villa Marina, Douglas, Isle of Man, Isle Of Man"]
[Date "2023.10.26"]
[Round "2.43"]
[White "Navara, David"]
[Black "Bachmann, Axel"]
[Result "1-0"]
[TimeControl "40/90 + 30 + 30s/move"]
[WhiteFideId "309095"]
[BlackFideId "3700488"]
[WhiteElo "2689"]
[BlackElo "2604"]

1. d4 Nf6 2. c4 e6 3. Nf3 Bb4+ 4. Nbd2 Be7 5. e4 d5 6. e5 Nfd7 7. Bd3 c5 8. O-O Nc6 9. Qe2 cxd4 10.
Nb3 O-O 11. cxd5 exd5 12. Bf4 Nb4 13. Bb1 d3 14. Bxd3 Nxd3 15. Qxd3 Nb8 16. Nfd4 a5 17. Qg3 Qb6 18. e6 Bxe6 19.
Be5 g6 20. Bc7 Qb4 21. Rae1 Nc6 22. a3 Qa4 23. Nxe6 fxe6 24. Rxe6 Rf7 25. Bd6 Bf6 26. Qe3 Nd4 27. Nxd4 Bxd4 28.
Qe2 Qd7 29. Bg3 Raf8 30. h4 Bf6 31. Re1 d4 32. Qd3 Bg7 33. Bd6 Rc8 34. Qe4 Qb5 35. Re8+ Rxe8 36. Qxe8+ Qxe8 37. Rxe8+ Bf8 38.
Kf1 Rf6 39. Rxf8+ Rxf8 40. Bxf8 Kxf8 41. Ke2 Ke7 42. Kd3 Kf6 43. Kxd4 Kf5 44. a4 Kg4 45. Kc5 Kxh4 46. Kb6 h5 47.
Kxa5 g5 48. Kb6 g4 49. Kxb7 g3 50. fxg3+ 1-0

[Event "FIDE Grand Swiss 2023"]
[Site "Villa Marina, Douglas, Isle of Man, Isle Of Man"]
[Date "2023.10.26"]
[Round "2.44"]
[White "Sanal, Vahap"]
[Black "Donchenko, Alexander"]
[Result "1/2-1/2"]
[TimeControl "40/90 + 30 + 30s/move"]
[WhiteFideId "6300545"]
[BlackFideId "24603295"]
[WhiteElo "2603"]
[BlackElo "2676"]

1. e4 e5 2. Nf3 Nc6 3. Bb5 a6 4. Ba4 Nf6 5. O-O Be7 6. Bxc6 dxc6 7. Re1 Nd7 8. d4 exd4 9. Qxd4 O-O 10.
Bf4 Re8 11. Nc3 Nf8 12. Qe3 Be6 13. Rad1 Qc8 14. Nd4 Bg4 15. Rd3 Ng6 16. h3 c5 17. Nf3 c4 18. Rdd1 Bc5 19. Qxc5 Bxf3 20.
Bxc7 Bxd1 21. Rxd1 b5 22. Nd5 Qb7 23. Nb6 Rac8 24. Nxc8 Rxc8 25. Rd7 Qxe4 26. f3 Qe6 27. Qd6 Nf8 28.
Qxe6 fxe6 29. Re7 Ng6 30. Rd7 Nf8 1/2-1/2

[Event "FIDE Grand Swiss 2023"]
[Site "Villa Marina, Douglas, Isle of Man, Isle Of Man"]
[Date "2023.10.26"]
[Round "2.45"]
[White "Matlakov, Maxim"]
[Black "Petrosyan, Manuel"]
[Result "1/2-1/2"]
[TimeControl "40/90 + 30 + 30s/move"]
[WhiteFideId "4168003"]
[BlackFideId "13300857"]
[WhiteElo "2674"]
[BlackElo "2604"]

1. e4 e5 2. Nf3 Nc6 3. Bc4 Bc5 4. O-O Nf6 5. d3 d6 6. c3 a5 7. Re1 Ba7 8. Nbd2 O-O 9. h3 Be6 10.
Bb5 Ne7 11. d4 Ng6 12. Ba4 c6 13. Bc2 Nh5 14. Nf1 Nhf4 15. Ng3 f6 16. Be3 Qd7 17. Ne2 Nxg2 18. Kxg2 Bxh3+ 19. Kh1 f5 20.
exf5 e4 21. Bxe4 Bxf5 22. Bxf5 Qxf5 23. Neg1 Rae8 24. Bd2 Rxe1 25. Qxe1 Bb8 26. Qe2 d5 27. Ng5 Qxf2 28. Qe6+ Kh8 29.
Qh3 h6 30. N5f3 Nf4 31. Bxf4 Bxf4 32. Rf1 Qxb2 33. Ne5 Kh7 34. Qg2 Qxg2+ 35. Kxg2 Rf6 36. Ng4 Rf8 37. Ne5 Rf6 38. Nd7 Rg6+ 39. Kf3 Bd6 40. Ne2 Rg5 41. Ke3 h5 42.
Nc5 Bxc5 43. dxc5 Re5+ 44. Kf2 Rf5+ 45. Kg2 Rxf1 46. Kxf1 Kg6 47. a4 Kf5 48. Nd4+ Ke4 49. Ke2 g5 50.
Nb3 h4 51. Nxa5 h3 52. Kf2 d4 53. cxd4 Kxd4 54. Nxb7 Kc4 55. Kg3 g4 56. a5 1/2-1/2

[Event "FIDE Grand Swiss 2023"]
[Site "Villa Marina, Douglas, Isle of Man, Isle Of Man"]
[Date "2023.10.26"]
[Round "2.46"]
[White "Wagner, Dennis"]
[Black "Pichot, Alan"]
[Result "0-1"]
[TimeControl "40/90 + 30 + 30s/move"]
[WhiteFideId "24650684"]
[BlackFideId "110973"]
[WhiteElo "2589"]
[BlackElo "2650"]

1. d4 d5 2. c4 e6 3. Nf3 a6 4. Bg5 Be7 5. Bxe7 Qxe7 6. Nbd2 Nf6 7. g3 O-O 8. Bg2 Nbd7 9. O-O b6 10.
Ne5 c5 11. cxd5 exd5 12. Ndc4 Qe6 13. Nd3 g5 14. Ne3 Bb7 15. dxc5 Nxc5 16. Nc2 Nfe4 17. b4 Nxd3 18. Qxd3 Rac8 19.
Nd4 Qf6 20. e3 Rc3 21. Qe2 Rfc8 22. Qg4 R8c7 23. Bxe4 dxe4 24. h4 h6 25. Rad1 Bd5 26. Rd2 Rd3 27. Rfd1 Qg6 28. Rxd3 exd3 29.
Nf5 h5 30. Qxg5 Qxg5 31. hxg5 Bf3 0-1

[Event "FIDE Grand Swiss 2023"]
[Site "Villa Marina, Douglas, Isle of Man, Isle Of Man"]
[Date "2023.10.26"]
[Round "2.47"]
[White "Santos Latasa, Jaime"]
[Black "Mishra, Abhimanyu"]
[Result "1/2-1/2"]
[TimeControl "40/90 + 30 + 30s/move"]
[WhiteFideId "2293307"]
[BlackFideId "30920019"]
[WhiteElo "2650"]
[BlackElo "2592"]

1. e4 c5 2. Nf3 d6 3. d4 cxd4 4. Nxd4 Nf6 5. Nc3 a6 6.
Be3 e5 7. Nb3 Be7 8. f3 Be6 9. Qd2 h5 10. Nd5 Nxd5 11. exd5 Bf5 12. Be2 Bh4+ 13. g3 Be7 14. O-O-O Nd7 15.
Kb1 O-O 16. h3 Rc8 17. Rc1 Bg6 18. g4 h4 19. Rhg1 Qc7 20. Ka1 Rfe8 21. g5 Bf5 22. Bd3 Bxd3 23. Qxd3 Nf8 24. Rg4 Ng6 25.
c4 Qd7 26. Qe4 Bd8 27. a3 b5 28. c5 dxc5 29. Nxc5 Qd6 30. Rg2 Bb6 31. Rgc2 Bxc5 32. Rxc5 Rxc5 33. Bxc5 Qd7 34. d6 Rc8 35.
Qg4 1/2-1/2